 Dungeon Crawl Stone Soup version 0.23.2 (webtiles) character file.

Game seed: 5677324727965140596

454 Menchi the Shield-Bearer (level 7, -4/55 HPs)
             Began as a Formicid Fighter on Apr 8, 2019.
             Slain by a gnoll
             ... wielding a cursed -3 halberd
              (8 damage)
             ... on level 4 of the Dungeon.
             The game lasted 00:05:09 (3506 turns).

Menchi the Shield-Bearer (Formicid Fighter)         Turns: 3506, Time: 00:05:09

Health: -4/55      AC:  7    Str: 27      XL:     7   Next: 26%
Magic:  7/7        EV:  8    Int:  8      God:
Gold:   217        SH: 10    Dex:  9 (10) Spells: 6/6 levels left

rFire    x . .     SeeInvis +   p - +1 hand axe (flame)
rCold    + . .     Gourm    .   c - +0 shield
rNeg     + . .     Faith    .   b - +0 scale mail
rPois    .         Spirit   .   (helmet unavailable)
rElec    .         Reflect  .   (no cloak)
rCorr    .         Harm     .   (no gloves)
MR       .....                  (no boots)
Stlth    ..........             (no amulet)
HPRegen  0.18/turn              n - ring of ice
MPRegen  0.10/turn              m - ring of positive energy

@: mighty, flying
A: permanent stasis, dig shafts and tunnels, four strong arms, antennae 3
a: Dig, Shaft Self


You were on level 4 of the Dungeon.
You were hungry.

You visited 1 branch of the dungeon, and saw 4 of its levels.

You collected 217 gold pieces.

Inventory:

Hand Weapons
 a - a +0 war axe
 p - a +1 hand axe of flaming (weapon)
Armour
 b - a +0 scale mail (worn)
 c - a +0 shield (worn)
Jewellery
 e - an uncursed ring of magical power
 g - an uncursed ring of see invisible
 m - a ring of positive energy (right hand)
 n - a ring of ice (left hand)
Wands
 r - a wand of paralysis (17)
Scrolls
 i - 2 scrolls of teleportation {unknown}
 j - 3 scrolls of identify {unknown}
 l - a scroll of enchant armour {unknown}
 o - 2 scrolls of magic mapping {unknown}
Potions
 k - a potion of invisibility {unknown}
 q - 2 potions of degeneration {unknown}
Comestibles
 f - 6 rations


   Skills:
 + Level 4.3 Fighting
 + Level 5.0 Axes
 + Level 4.9 Armour
 + Level 5.3 Shields


You had 6 spell levels left.
You didn't know any spells.
Your spell library was empty.

Dungeon Overview and Level Annotations

Branches:
Dungeon (4/15)
 Temple: D:4-7

Altars:

Annotations:
D:3 1 runed translucent door, Tutankhamun's ghost, amateur HOMo
D:4 Eustachio


Innate Abilities, Weirdness & Mutations

You cannot be hasted, slowed, berserked, paralysed or teleported.
You can dig through walls and to a lower floor.
Your four strong arms can wield two-handed weapons with a shield.
You have a pair of large antennae on your head. (SInv)


Message History

You burn the ufetubus.
You kill the ufetubus!
You closely miss the shadow imp. The ufetubus closely misses you.
The ufetubus hits you but does no damage.
The gnoll hits you but does no damage.
Eustachio says, "Summoning is fun!"
Eustachio gestures wildly while chanting.
Eustachio blinks!
You block the ufetubus's attack. The ufetubus barely misses you.
The gnoll barely misses you.
The shadow imp shouts, "Slither hence, thou canting moon-mazed tiddler!"
The shadow imp hits you.
* * * LOW HITPOINT WARNING * * *
You are too injured to fight recklessly!
You are too injured to fight recklessly!
You are too injured to fight recklessly!
It was a potion of flight.
You feel very buoyant.
You fly up into the air.
You block the ufetubus's attack. x2
The gnoll hits you from afar with a cursed -3 halberd!
You die...

.##.###########....#######.###...
...................+ .........
##.................# ##.####..
#..............#### #.# #..
##..............# #.# #..
....#.#'##..<...##########.# ##.
###.#.#.##........##.....#.# #.
....#.#.######.5.....###...# #.
......#.# #..@.)#ยง# #.#######.
.######.# #.g5).@..# #.# #.....
...(....^ +.g......# #.# #.....
..#####.# #g.......# #.###.....
..# #..{ ..........# #..##.....
..# { ...........#8#..##..... ..#
.....####........##..... ..#
..... #.######........ ..#
#.............


You could see Eustachio, 3 gnolls, a shadow imp and an ufetubus.

Vanquished Creatures
  2 orc priests (D:4)
  A bullfrog skeleton (D:4)
  A gnoll shaman (D:4)
  2 orc wizards (D:4)
  An iguana (D:4)
  3 worker ants (D:4)
  9 gnolls
  An adder (D:2)
  2 oozes (D:3)
  2 worms
  5 leopard geckos
  7 orcs
  8 bats
  4 giant cockroaches
  5 goblins
  6 hobgoblins
  2 jackals (D:3)
  3 kobolds
  A quokka (D:3)
  4 ball pythons
  3 frilled lizards
  6 rats
78 creatures vanquished.

Notes
Turn   | Place    | Note
-------+----------+-------------------------------------------
     0 | D:1      | Menchi the Formicid Fighter began the quest for the Orb.
     0 | D:1      | Reached XP level 1. HP: 18/18 MP: 1/1
   199 | D:1      | Reached XP level 2. HP: 21/24 MP: 2/2
   618 | D:2      | Reached XP level 3. HP: 24/29 MP: 3/3
  1196 | D:2      | Reached XP level 4. HP: 36/37 MP: 4/4
  1395 | D:2      | Found a faded altar of an unknown god.
  1875 | D:3      | Reached XP level 5. HP: 7/42 MP: 5/5
  2294 | D:3      | Found a runed translucent door.
  2295 | D:3      | Noticed Tutankhamun's ghost (amateur HOMo)
  2654 | D:4      | Reached XP level 6. HP: 34/48 MP: 6/6
  2878 | D:4      | Reached skill level 5 in Shields
  3090 | D:4      | Reached XP level 7. HP: 23/54 MP: 7/7
  3472 | D:4      | Noticed Eustachio
  3502 | D:4      | Reached skill level 5 in Axes
  3506 | D:4      | Slain by a gnoll

Skill      XL: |  1  2  3  4  5  6  7 |
---------------+----------------------+-----
Shields        | 4 5 |  5.3
Axes           | 3 4 5 |  5.0
Armour         | 4 |  4.9
Fighting       | 4 |  4.3

Action                   |  1- 3 |  4- 6 |  7- 9 || total
-------------------------+-------+-------+-------++-------
Melee: War axe           |   102 |    60 |       ||   162
       Hand axe          |       |    86 |    35 ||   121
  Use: Potion            |       |       |     2 ||     2
  Eat: Chunk             |     1 |     6 |     1 ||     8
Armor: Scale mail        |    51 |    45 |    37 ||   133
Dodge: Dodged            |    34 |    40 |    42 ||   116
Block: Shield            |    53 |    81 |    39 ||   173
